 Dungeon Crawl Stone Soup version 0.28-a0-983-g1de4e0787c (webtiles) character file.

Game seed: 17614992919568353945

5012 mcbry74 the Grappler (level 10, -11/85 HPs)
             Began as a Troll Gladiator on Dec 2, 2021.
             Was a Follower of the Shining One.
             Killed from afar by a deep elf pyromancer (22 damage)
             ... with a bolt of fire
             ... on level 9 of the Dungeon.
             The game lasted 00:37:08 (7319 turns).

mcbry74 the Grappler (Troll Gladiator)              Turns: 7319, Time: 00:37:08

Health: -11/85     AC:  7    Str: 34    XL:     10   Next: 29%
Magic:  10/12      EV: 10    Int:  4    God:    the Shining One [*.....]
Gold:   621        SH:  7    Dex: 11    Spells: 9/9 levels left

rFire   . . .      SeeInvis +     - Unarmed
rCold   . . .      Faith    .   (no shield)
rNeg    . . .      Spirit   .   O - +2 robe {Will+}
rPois   .          Reflect  .   u - +0 hat
rElec   .          Harm     .   E - +0 cloak
rCorr   .          Rampage  .   (gloves unavailable)
Will    +....                   (boots unavailable)
Stlth   +.........              (no amulet)
HPRegen 1.04/turn               A - ring of see invisible
MPRegen 0.13/turn               o - +6 ring of strength

@: divinely shielded, about to teleport, glowing
A: large, unfitting armour, claws 3, regeneration 1, shaggy fur 1, tough skin 1
a: Renounce Religion, Divine Shield


You were on level 9 of the Dungeon.
You worshipped the Shining One.
The Shining One was aware of your devotion.
You visited 1 branch of the dungeon, and saw 9 of its levels.
You also visited: Ossuary.

You collected 621 gold pieces.

Inventory:

Hand Weapons
 a - the +11 hunting sling "Ramisa Boeba" {freeze, *Slow rF+ rN+}
   (You acquired it on level 5 of the Dungeon)

   Any ammunition fired from it freezes those it strikes, dealing additional
   cold damage.
   It can also slow down cold-blooded creatures.
   rF:        It protects you from fire.
   rN:        It protects you from negative energy.
   *Slow:     It may slow you when you take damage.
 b - a +0 giant spiked club of venom
 j - a +0 great mace of flaming
 l - a +0 fustibalus
 G - a +0 dire flail
 H - a +0 broad axe
 M - a +0 flail of holy wrath
Missiles
 c - 3 throwing nets
 i - 258 stones
 m - 30 sling bullets
 n - 19 poisoned darts (quivered)
 p - 116 bolts
 z - 6 javelins
 K - 10 boomerangs
 N - 7 curare-tipped darts
Armour
 r - a +0 robe
 u - a +0 hat (worn)
 E - a +0 cloak (worn)
 O - a +2 robe of willpower (worn)
Jewellery
 d - a +6 ring of dexterity
 f - a +6 ring of intelligence
 o - a +6 ring of strength (right claw)
 x - a ring of poison resistance
 A - a ring of see invisible (left claw)
 F - a ring of protection from cold
 I - a +6 ring of dexterity
Wands
 y - a wand of mindburst (14)
 L - a wand of acid (18)
Scrolls
 g - 2 scrolls of silence
 h - 9 scrolls of teleportation
 w - 2 scrolls of blinking
 D - a scroll of fear
 P - a scroll of magic mapping
 Q - a scroll of brand weapon
Potions
 e - 3 potions of might
 k - 6 potions of curing
 q - a potion of lignification
 s - a potion of ambrosia
 t - a potion of resistance
 B - a potion of magic {unknown}
 C - a potion of heal wounds
 J - a potion of attraction
Miscellaneous
 v - a piece from Xom's chessboard (15/15)


   Skills:
 - Level 1.5 Fighting
 * Level 5.2 Maces & Flails
 - Level 3.3 Throwing
 - Level 3.5 Dodging
 - Level 12.4 Unarmed Combat
 + Level 4.1 Invocations
 - Level 2.0 Evocations


You had 9 spell levels left.
You didn't know any spells.
Your spell library contained the following spells:

 Spells                   Type           Power      Damage    Failure   Level
 Animate Skeleton         Necr           0%         N/A       50%         1
 Apportation              Tloc           0%         N/A       50%         1
 Foxfire                  Conj/Fire      0%         2x1d4     50%         1
 Pain                     Necr           0%         1d4       50%         1
 Passwall                 Tmut/Erth      0%         N/A       65%         2
 Conjure Flame            Conj/Fire      0%         6-21      86%         3
 Inner Flame              Hex/Fire       0%         N/A       86%         3
 Vampiric Draining        Necr           0%         2d6       86%         3
 Animate Armour           Summ/Erth      0%         N/A       99%         4
 Flame Wave               Conj/Fire      0%         2d4       99%         4
 Alistair's Intoxication  Tmut/Pois      0%         N/A       100%        5
 Lee's Rapid Deconstruct  Erth           0%         3d5*      100%        5


Dungeon Overview and Level Annotations

Branches:
Dungeon (9/15)             Temple (0/1) D:6         Ossuary (visited)
   Lair: D:8-11         Orc: D:9-12

Altars:
Ashenzari
Elyvilon
Gozag
Hepliaklqana
Qazlal
Ru
Vehumet
Wu Jian
Xom
Zin
The Shining One


Innate Abilities, Weirdness & Mutations

You are too large for most types of armour.
You have claws for hands.
Your natural rate of healing is unusually fast.
You are covered in fur. (AC +1)
You have tough skin. (AC +1)


Message History

Okay, then.
A divine shield forms around you!
The fire elemental barely misses you. x2
The deep elf pyromancer points at you and mumbles some strange words.
The bolt of fire hits the fire elemental.
The fire elemental completely resists.
The bolt of fire hits you!!
* * * LOW HITPOINT WARNING * * *
You feel much better. The fire elemental hits you.
The fire elemental burns you! You block the fire elemental's attack.
You barely miss the fire elemental. You block the fire elemental's attack.
The fire elemental hits you. The fire elemental burns you!
You mangle the fire elemental!! Your claw misses the fire elemental.
The fire elemental is severely damaged.
The fire elemental misses you. You block the fire elemental's attack.
You closely miss the fire elemental.
The fire elemental is severely damaged.
You block the fire elemental's attack. The fire elemental barely misses you.
You barely miss the fire elemental. Your claw misses the fire elemental.
The fire elemental is severely damaged.
The fire elemental barely misses you. You block the fire elemental's attack.
You scratch the fire elemental but do no damage.
The fire elemental is severely damaged.
The fire elemental hits you. The fire elemental burns you!
* * * LOW HITPOINT WARNING * * *
The fire elemental hits you. The fire elemental burns you!
* * * LOW HITPOINT WARNING * * *
As you read the scroll of teleportation, it crumbles to dust.
You feel strangely unstable. The fire elemental closely misses you.
The fire elemental hits you. The fire elemental burns you!
* * * LOW HITPOINT WARNING * * *
The fire elemental barely misses you.
A wraith comes into view.
Found a ring mail.
The fire elemental barely misses you.
The deep elf pyromancer gestures wildly while chanting.
The deep elf pyromancer blinks!
The deep elf pyromancer points at you and mumbles some strange words.
The bolt of fire hits the fire elemental.
The fire elemental completely resists.
The bolt of fire hits the fire elemental.
The fire elemental completely resists.
The bolt of fire hits you!!
You die...

#....# #..#
...####..#.......
#########.......#.......
........+.......#.......
........#.#...#.+.....[.
......#.....#.e.#..W....
..#...##...##☼☼E#.......
...|..###.###☼☼E........
...###.##.##§###@.......
....###.#.#.# #.........
.....####.## #..#.......
....... .8. .... #######
..#..####.####.. ....##
##. ...## ## ...


You could see a deep elf pyromancer, 2 fire elementals and a wraith.

Vanquished Creatures
  Erolcha (D:9)
  A boulder beetle (D:9)
  A deep elf pyromancer (D:8)
  Joseph (D:7)
  Grinder (D:3)
  Menkaure (D:7)
  A water moccasin (D:3)
  A sky beast (D:5)
  3 orc warriors
  A black bear (D:7)
  An ogre (D:5)
  A centaur (D:9)
  A phantom (D:4)
  A kobold brigand (D:8)
  A bullfrog (D:6)
  An elf zombie (D:5)
  Blork the orc (D:4)
  2 elf skeletons (D:5)
  A water moccasin zombie (D:6)
  A water moccasin skeleton (D:4)
  5 killer bees (D:8)
  3 wights (D:7)
  A bullfrog zombie (D:5)
  2 centaur zombies
  A jelly (D:6)
  A hound (D:4)
  6 orc priests
  A gnoll shaman (D:4)
  2 iguanas
  12 orc wizards
  2 hound skeletons
  8 mummies (Ossuary)
  2 howler monkey zombies
  11 gnolls
  2 adders
  A white imp (D:5)
  2 adder skeletons (D:4)
  A worm (D:3)
  3 dart slugs
  32 orcs
  10 ball pythons
  9 endoplasms
  7 giant cockroaches
  A gnoll zombie (Ossuary)
  4 goblins
  2 hobgoblins
  10 kobolds
  5 quokkas
  3 bats
  2 frilled lizards
  3 hobgoblin zombies (Ossuary)
  2 kobold zombies (Ossuary)
  An orc skeleton (D:5)
  4 orc zombies
  4 rats
188 creatures vanquished.

Notes
Turn   | Place    | Note
-------+----------+-------------------------------------------
     0 | D:1      | mcbry74 the Troll Gladiator began the quest for the Orb.
     0 | D:1      | Reached XP level 1. HP: 19/19 MP: 0/0
    85 | D:1      | Reached XP level 2. HP: 27/27 MP: 1/1
   252 | D:1      | Reached skill level 4 in Unarmed Combat
   381 | D:1      | Found a faded altar of an unknown god.
   813 | D:2      | Reached XP level 3. HP: 33/33 MP: 2/2
  1514 | D:2      | Reached skill level 5 in Unarmed Combat
  1514 | D:2      | Reached XP level 4. HP: 39/41 MP: 3/3
  1772 | D:3      | Noticed a water moccasin
  1815 | D:3      | Reached XP level 5. HP: 31/48 MP: 4/4
  1937 | D:3      | Noticed Grinder
  1937 | D:3      | Paralysed by Grinder for 6 turns
  1947 | D:3      | Killed Grinder
  1948 | D:3      | Reached skill level 7 in Unarmed Combat
  1948 | D:3      | Reached XP level 6. HP: 54/55 MP: 5/5
  2282 | D:3      | Killed a water moccasin
  2465 | D:4      | Noticed Blork the orc
  2533 | D:4      | Reached skill level 8 in Unarmed Combat
  2534 | D:4      | Reached XP level 7. HP: 48/60 MP: 6/6
  2791 | D:4      | Killed Blork the orc
  2932 | D:4      | Found a stormy altar of Qazlal.
  3052 | D:4      | Found a radiant altar of Vehumet.
  3143 | D:4      | Reached skill level 9 in Unarmed Combat
  3213 | D:5      | Entered Level 5 of the Dungeon
  3239 | D:5      | Identified a scroll of acquirement
  3239 | D:5      | Acquired the +11 hunting sling "Ramisa Boeba" {freeze,
                  | *Slow rF+ rN+}
  3374 | D:5      | Found a sand-covered staircase.
  3382 | Ossuary  | Entered an ossuary
  3416 | Ossuary  | Reached XP level 8. HP: 70/70 MP: 7/7
  3461 | Ossuary  | Reached skill level 10 in Unarmed Combat
  4257 | D:5      | Reached skill level 11 in Unarmed Combat
  4436 | D:5      | Found a white marble altar of Elyvilon.
  4436 | D:5      | Found a glowing golden altar of the Shining One.
  4437 | D:5      | Found a glowing silver altar of Zin.
  4441 | D:5      | Became a worshipper of the Shining One
  4793 | D:6      | Found a staircase to the Ecumenical Temple.
  5140 | D:6      | Found an opulent altar of Gozag.
  5141 | D:6      | Found a hazy altar of Hepliaklqana.
  5142 | D:6      | Found an ornate altar of the Wu Jian Council.
  5144 | D:6      | Found a broken altar of Ashenzari.
  5418 | D:6      | Found a shimmering altar of Xom.
  5629 | D:7      | Noticed Menkaure
  5641 | D:7      | Killed Menkaure
  5690 | D:7      | Reached XP level 9. HP: 76/76 MP: 8/8
  5728 | D:7      | Noticed Joseph
  5737 | D:7      | Killed Joseph
  5738 | D:7      | Reached skill level 1 in Maces & Flails
  5738 | D:7      | Reached skill level 12 in Unarmed Combat
  5738 | D:7      | Reached skill level 1 in Invocations
  5738 | D:7      | Reached skill level 1 in Evocations
  5816 | D:7      | Reached * piety under the Shining One
  5963 | D:7      | Got the Volume of Stones
  6337 | D:8      | Noticed a meliai
  6338 | D:8      | Noticed a seven-headed hydra
  6339 | D:8      | Noticed a troll
  6341 | D:8      | Noticed a komodo dragon
  6343 | D:8      | Noticed a cyclops
  6345 | D:8      | Noticed a deep elf pyromancer
  6349 | D:8      | Killed a deep elf pyromancer
  6422 | D:8      | Found a sacrificial altar of Ru.
  6761 | D:8      | Noticed a glowing orange brain
  6777 | D:8      | Noticed a water nymph
  6907 | D:9      | Noticed Erolcha
  6921 | D:9      | Killed Erolcha
  6922 | D:9      | Reached XP level 10. HP: 49/85 MP: 9/11
  7235 | D:9      | Noticed a boulder beetle
  7243 | D:9      | Killed a boulder beetle
  7244 | D:9      | Reached skill level 5 in Maces & Flails
  7292 | D:9      | Noticed a deep elf pyromancer
  7319 | D:9      | Killed from afar by a deep elf pyromancer

Illustrated notes

Levels and vault maps discovered:
D:1:      heliophobic_arrival_ceremonial_halls, layout_loops_ring,
          shapermc_ecumenical_altar_flowoftime, minmay_cupped
D:2:      layout_loops_corners
D:3:      layout_loops_cross, uniq_grinder
D:4:      layout_basic, overflow_temple_1_default, fiery_altar_vehumet,
          uniq_blork_the_orc
D:5:      layout_layer_cave, good_gods_mini_temple,
          nicolae_ossuary_entry_catacombs
D:6:      layout_loops_ring, xom_butterflies, minitemple,
          minmay_temple_entry_mini_moons
D:7:      layout_basic, uniq_menkaure, uniq_joseph
D:8:      layout_basic, nicolae_ru_awakened_eye,
          onia_ninara_dug_in_and_dangerous
D:9:      layout_stronghold, minmay_misc_feat_more_columns, kb_rosetta,
          uniq_erolcha

Skill      XL: |  1  2  3  4  5  6  7  8  9 10 |
---------------+-------------------------------+-----
Unarmed Combat | 4 5 7 8 9 11 12 | 12.4
Throwing       | 2 3 |  3.3
Maces & Flails | 3 5 |  5.2
Invocations    | 3 4 |  4.1
Evocations     | 2 |  2.0
Dodging        | 3 |  3.5
Fighting       | |  1.5

Action                   |  1- 3 |  4- 6 |  7- 9 | 10-12 || total
-------------------------+-------+-------+-------+-------++-------
Melee: Unarmed           |    82 |    58 |   140 |    42 ||   322
       Punch             |     1 |     2 |    12 |     3 ||    18
       Flail             |       |       |    12 |       ||    12
       Giant spiked club |       |       |       |     5 ||     5
 Fire: Fustibalus        |       |     3 |    21 |       ||    24
       Hunting sling     |       |       |   117 |     3 ||   120
Throw: Dart              |       |       |     7 |       ||     7
Invok: Divine Shield     |       |       |       |     1 ||     1
  Use: Potion            |       |     1 |       |     1 ||     2
       Scroll            |       |       |    20 |     2 ||    22
 Stab: Sleeping          |     6 |     3 |     1 |       ||    10
Armor: Robe              |    20 |     6 |    24 |    11 ||    61
Dodge: Dodged            |    34 |    33 |    48 |    30 ||   145
Block: Other             |       |       |       |     5 ||     5

Table legend: (Time is in decaauts)
 A = Elapsed time spent in this place.
 B = Non-inter-level travel time spent in this place.
 C = Inter-level travel time spent in this place.
 D = Time resting spent in this place.
 E = Time spent auto-exploring this place.
 F = Levels seen in this place.
 G = Mean time per level.
                   A        B        C        D        E       F      G
               +--------+--------+--------+--------+--------+-----+--------+
         Total |   7288 |   6949 |    339 |    450 |   4943 |  10 |  728.8 |
       Dungeon |   7054 |   6715 |    339 |    450 |   4848 |   9 |  783.8 |
       Ossuary |    233 |    233 |      0 |      0 |     95 |   1 |  233.0 |
               +--------+--------+--------+--------+--------+-----+--------+

Top non-repeatable levels by time:
     D:5: 1373 daAuts
     D:2: 1046 daAuts
     D:6: 802 daAuts
     D:3: 765 daAuts
     D:1: 733 daAuts
     D:7: 659 daAuts
     D:4: 653 daAuts
     D:8: 568 daAuts
     D:9: 452 daAuts
 Ossuary: 233 daAuts
